 Dungeon Crawl Stone Soup version 0.22-a0-358-g7563fe7 (webtiles) character file.

41458 grindst0ne the Corrupter of Planes (level 14, -6/114 (115) HPs)
             Began as a Formicid Abyssal Knight on Apr 18, 2018.
             Was the Champion of Lugonu.
             Mangled by a two-headed ogre
             ... wielding a +0 giant spiked club
              (15 damage)
             ... on level 13 of the Dungeon.
             The game lasted 00:39:44 (25606 turns).

grindst0ne the Corrupter of Planes (FoAK)          Turns: 25606, Time: 00:39:45

HP:   -6/114 (115)  AC: 33    Str: 23    XL:     14   Next: 50%
MP:   19/25         EV:  7    Int: 15    God:    Lugonu [******]
Gold: 1141          SH:  5    Dex:  5    Spells: 13/13 levels left

rFire    . . .     SeeInvis +   l - +2 great sword
rCold    . . .     Gourm    .   f - +0 buckler
rNeg     + + +     Faith    .   k - +10 plate armour "Litiesus" {-Cast rN+++ rCorr Dex-3}
rPois    .         Spirit   .   (helmet unavailable)
rElec    .         Reflect  .   I - +2 cloak
rCorr    +         Harm     .   (no gloves)
MR       +++..     NoCast   +   (no boots)
Stlth    ..........             (no amulet)
HPRegen  0.29/turn              F - +4 ring of strength
MPRegen  0.19/turn              x - +4 ring of protection

@: very slightly contaminated, invisible (expiring)
A: permanent stasis, dig shafts and tunnels, four strong arms, antennae 3,
clumsy 1, magic resistance 2, MP-powered wands
a: Dig, Shaft Self, Depart the Abyss, Bend Space, Banish, Corrupt, Enter the
Abyss, Brand Weapon With Distortion, Renounce Religion


You were on level 13 of the Dungeon.
You worshipped Lugonu.
Lugonu was exalted by your worship.
You were hungry.

You visited 2 branches of the dungeon, and saw 19 of its levels.
You visited the Abyss 1 time.

You collected 1141 gold pieces.

Inventory:

Hand Weapons
 a - a +2 falchion
 l - a +2 great sword (weapon)
 z - a +4 scimitar
 A - a +1 flail of protection
Missiles
 m - 2 throwing nets (quivered)
Armour
 f - a +0 buckler (worn)
 k - the +10 plate armour "Litiesus" (worn) {-Cast rN+++ rCorr Dex-3}
   (You found it on level 6 of the Lair of Beasts)

   It affects your dexterity (-3).
   It renders you almost immune to negative energy.
   It prevents spellcasting.
   It protects you from acid and corrosion.
 y - a +1 chain mail of poison resistance
 B - a +4 plate armour
 I - a +2 cloak (worn)
Jewellery
 d - an uncursed ring of positive energy
 g - an uncursed ring of flight
 i - an uncursed ring of ice
 x - a +4 ring of protection (right hand)
 F - a +4 ring of strength (left hand)
Wands
 b - a wand of iceblast (2)
 h - a wand of digging (1)
 C - a wand of paralysis (5)
 H - a wand of flame (78)
 L - a wand of polymorph (11)
Scrolls
 j - 8 scrolls of identify
 o - 5 scrolls of fog
 p - 4 scrolls of enchant armour
 q - 2 scrolls of amnesia
 r - 5 scrolls of remove curse
 s - 5 scrolls of fear
 u - 3 scrolls of enchant weapon
 D - a scroll of magic mapping
 M - a scroll of torment {unknown}
Potions
 e - a potion of mutation
 n - a potion of resistance
 v - a potion of curing
 E - 6 potions of flight
 G - a potion of brilliance
 J - a potion of cancellation
Miscellaneous
 w - a box of beasts
Comestibles
 c - 30 rations


   Skills:
 - Level 12.1 Fighting
 - Level 11.0 Long Blades
 * Level 12.2 Armour
 - Level 0.8 Dodging
 - Level 9.1 Shields
 + Level 15.3 Invocations


You had 13 spell levels left.
You didn't know any spells.

Dungeon Overview and Level Annotations

Branches:
Dungeon (13/15)            Temple (0/1) D:4            Lair (6/6) D:8
  Swamp (0/4) Lair:3       Spider (0/4) Lair:2        Slime (0/5) Lair:5
    Orc (0/2) D:12
 Vaults: D:13-14

Altars:
Ashenzari
Cheibriados
Dithmenos
Elyvilon
Fedhas
Gozag
Kikubaaqudgha
Okawaru
Sif Muna
Trog
Vehumet
Xom
Yredelemnul
Zin

Annotations:
Lair:3 exclusion: downstairs


Innate Abilities, Weirdness & Mutations

You cannot be hasted, slowed, berserked, paralysed or teleported.
You can dig through walls and to a lower floor.
Your four strong arms can wield two-handed weapons with a shield.
You have a pair of large antennae on your head. (SInv)
You are clumsy. (Dex -2)
You are highly resistant to hostile enchantments. (MR++)
You expend magic power (3 MP) to strengthen your wands.


Message History

You retract your mandibles.
You slash the centaur!
You kill the centaur!
Lugonu accepts your kill.
You flicker for a moment.
A two-headed ogre comes into view. It is wielding two giant spiked clubs.
Things that are here:
a runed shortbow; 12 arrows; a centaur corpse You butcher the centaur corpse.
The two-headed ogre shouts in stereo!
You hear a shout!
The two-headed ogre barely misses you.
The two-headed ogre hits you but does no damage.
Things that are here:
a runed shortbow; 12 arrows; 5 chunks of flesh You slash the two-headed ogre!
The two-headed ogre is moderately wounded.
The two-headed ogre barely misses you. x2
You barely miss the two-headed ogre.
The two-headed ogre is moderately wounded.
The two-headed ogre hits you with a giant spiked club!
You die...

#. { #.# #.####
#.##.## #.###@#
#.##O## #.###§#
#.(#§##
######(#(###.#
........<{....#
.........?....#
#######..###..#
#.># ..#


You could see a two-headed ogre.

Vanquished Creatures
  Gastronok (Lair:3)
  2 dire elephants (Lair:6)
  Fannar (D:10)
  Josephine (D:10)
  2 hydras (D:11)
  A catoblepas (Lair:5)
  An anaconda (Lair:6)
  A two-headed ogre (D:11)
  An unseen horror (D:13)
  An orb spider (Lair:2)
  A cyclops (D:12)
  A manticore (D:11)
  4 black mambas
  Maurice (D:10)
  7 elephants
  8 spiny frogs
  A centaur skeleton (D:12)
  A rime drake (Lair:5)
  3 komodo dragons
  A hornet (D:12)
  A polar bear (Lair:2)
  15 blink frogs
  8 hippogriffs
  A wyvern (D:11)
  A spriggan (D:8)
  3 wraiths (D:10)
  27 yaks
  2 basilisks (Lair:1)
  Grum (D:10)
  A steam dragon (D:8)
  9 vampire mosquitoes
  A soldier ant (D:12)
  2 acid dragons
  12 water moccasins
  16 porcupines
  4 sky beasts
  5 orc warriors
  3 phantoms
  3 ice beasts
  A necrophage (D:12)
  7 ogres
  14 centaurs
  12 crocodiles
  14 wolves
  2 big kobolds
  12 bullfrogs
  A wyvern zombie (D:6)
  A wyvern skeleton (D:11)
  5 killer bees (D:10)
  5 scorpions
  11 wights
  3 electric eels (Lair:3)
  3 crimson imps
  9 hounds
  9 jellies
  14 orc wizards
  2 quasits (D:11)
  A gnoll shaman (D:5)
  3 orc priests
  5 bullfrog skeletons
  6 iguanas
  9 worker ants
  A hound zombie (D:8)
  5 hound skeletons
  A worker ant zombie (D:6)
  7 gnolls
  14 adders
  2 shadow imps
  3 oozes
  2 adder zombies
  3 worms
  2 dart slugs
  8 leopard geckos
  44 orcs
  A ball python (D:4)
  7 giant cockroaches
  8 goblins
  12 hobgoblins
  14 jackals
  12 kobolds
  4 quokkas
  9 bats
  12 frilled lizards
  A jackal zombie (D:5)
  2 leopard gecko skeletons (D:5)
  5 rats
  A fungus (D:4)
  2 plants (Lair:6)
486 creatures vanquished.

Vanquished Creatures (others)
  A hydra (Lair:4)
  An ugly thing (D:13)
  A wyvern (Lair:5)
  A gnoll (D:8)
  3 fungi
  12 plants
19 creatures vanquished.

Grand Total: 505 creatures vanquished

Notes
Turn   | Place    | Note
-------+----------+-------------------------------------------
     0 | Abyss:1  | grindst0ne the Formicid Abyssal Knight began the quest for the Orb.
     0 | Abyss:1  | Reached XP level 1. HP: 18/18 MP: 2/2
    49 | Abyss:1  | Noticed a lorocyproca
    49 | D:1      | Escaped the Abyss
    95 | D:1      | Reached XP level 2. HP: 21/24 MP: 3/3
   303 | D:1      | Reached skill level 1 in Shields
   451 | D:1      | Reached * piety under Lugonu
   874 | D:2      | Reached XP level 3. HP: 29/29 MP: 4/4
  1120 | D:2      | Found an iron altar of Okawaru.
  1148 | D:2      | Reached skill level 3 in Invocations
  1148 | D:2      | Reached XP level 4. HP: 25/37 MP: 6/6
  1464 | D:2      | Found a white marble altar of Elyvilon.
  1507 | D:2      | Reached XP level 5. HP: 35/42 MP: 7/7
  1731 | D:2      | Found an opulent altar of Gozag.
  1912 | D:3      | Reached ** piety under Lugonu
  2168 | D:2      | HP: 2/42 [poisoned by an adder]
  2458 | D:3      | Reached XP level 6. HP: 13/48 MP: 8/8
  2802 | D:3      | Noticed an angel
  3088 | D:3      | Found a glowing silver altar of Zin.
  3405 | D:4      | Noticed a phantom
  3483 | D:4      | Noticed an ogre
  3487 | D:4      | Killed a phantom
  3487 | D:4      | Reached skill level 4 in Invocations
  3487 | D:4      | Reached XP level 7. HP: 19/55 MP: 8/10
  3489 | D:4      | Reached skill level 5 in Shields
  4012 | D:4      | Reached skill level 5 in Fighting
  4015 | D:4      | Found a staircase to the Ecumenical Temple.
  4027 | D:4      | Reached *** piety under Lugonu
  4865 | D:4      | Reached XP level 8. HP: 54/62 MP: 11/11
  5029 | D:5      | Entered Level 5 of the Dungeon
  5189 | D:5      | Reached skill level 5 in Invocations
  5546 | D:5      | Found a radiant altar of Vehumet.
  5756 | D:5      | Gained mutation: You are resistant to hostile enchantments. (MR+) [potion of mutation]
  5756 | D:5      | Gained mutation: You are clumsy. (Dex -2) [potion of mutation]
  5756 | D:5      | Gained mutation: You are highly resistant to hostile enchantments. (MR++) [potion of mutation]
  5756 | D:5      | Gained mutation: You expend magic power (3 MP) to strengthen your wands. [potion of mutation]
  5929 | D:6      | Reached **** piety under Lugonu
  6268 | D:6      | Reached skill level 6 in Invocations
  6446 | D:6      | Reached XP level 9. HP: 50/69 MP: 13/13
  6548 | D:6      | Reached skill level 5 in Long Blades
  7997 | D:7      | Reached skill level 7 in Invocations
  8162 | D:7      | Found a deep blue altar of Sif Muna.
  8255 | D:7      | Found a shadowy altar of Dithmenos.
  8412 | D:7      | Reached XP level 10. HP: 62/79 MP: 15/15
  8619 | D:7      | Reached ***** piety under Lugonu
  8963 | D:8      | Reached skill level 8 in Invocations
  9010 | D:8      | HP: 3/80 [crocodile (13)]
  9546 | D:8      | Reached skill level 9 in Invocations
  9803 | D:8      | Found a staircase to the Lair.
  9812 | D:8      | Found a shimmering altar of Xom.
  9813 | D:8      | Found a shimmering altar of Xom.
  9813 | D:8      | Found a shimmering altar of Xom.
  9813 | D:8      | Found a shimmering altar of Xom.
  9814 | D:8      | Found a shimmering altar of Xom.
  9814 | D:8      | Found a shimmering altar of Xom.
  9814 | D:8      | Found a shimmering altar of Xom.
  9866 | D:8      | Found a blossoming altar of Fedhas.
  9867 | D:8      | Found a bloodstained altar of Trog.
  9867 | D:8      | Found an ancient bone altar of Kikubaaqudgha.
  9869 | D:8      | Found a basalt altar of Yredelemnul.
 10153 | D:8      | Found a shattered altar of Ashenzari.
 10548 | D:8      | Noticed a lindwurm
 11221 | D:9      | Found a snail-covered altar of Cheibriados.
 11345 | D:9      | Reached XP level 11. HP: 81/89 MP: 18/18
 11547 | D:10     | Entered Level 10 of the Dungeon
 11614 | D:10     | Noticed Josephine
 11625 | D:10     | Killed Josephine
 11625 | D:10     | Reached skill level 10 in Invocations
 11906 | D:10     | Noticed Maurice
 12047 | D:10     | Killed Maurice
 12047 | D:10     | Reached skill level 10 in Fighting
 12505 | D:10     | Noticed Fannar
 12547 | D:10     | Killed Fannar
 12727 | D:10     | Noticed Grum
 12732 | D:10     | Killed Grum
 12732 | D:10     | Reached skill level 11 in Invocations
 13123 | D:11     | Noticed a two-headed ogre
 13128 | D:11     | Killed a two-headed ogre
 13880 | D:11     | Noticed an eight-headed hydra
 13889 | D:11     | Killed an eight-headed hydra
 13889 | D:11     | Reached XP level 12. HP: 57/100 MP: 2/20
 14010 | D:11     | Reached skill level 10 in Long Blades
 14323 | D:11     | Noticed a seven-headed hydra
 14336 | D:11     | Killed a seven-headed hydra
 14549 | D:11     | Reached skill level 12 in Invocations
 14975 | D:8      | Found a shimmering altar of Xom.
 14986 | Lair:1   | Entered Level 1 of the Lair of Beasts
 15056 | Lair:1   | Reached ****** piety under Lugonu
 17139 | Lair:2   | Found a hole to the Spider Nest.
 17713 | Lair:3   | Reached skill level 13 in Invocations
 17871 | Lair:3   | Reached XP level 13. HP: 103/108 MP: 22/22
 18353 | Lair:3   | Noticed Gastronok
 18370 | Lair:3   | Killed Gastronok
 18678 | Lair:3   | Found a staircase to the Swamp.
 19770 | Lair:4   | Noticed a seven-headed hydra
 19832 | Lair:4   | Reached skill level 14 in Invocations
 19837 | Lair:4   | HP: 5/108 [yak (7)]
 19973 | Lair:4   | Banished a seven-headed hydra
 20554 | Lair:5   | Noticed a five-headed hydra
 20557 | Lair:5   | Banished a five-headed hydra
 21375 | Lair:5   | Noticed a catoblepas
 21391 | Lair:5   | Killed a catoblepas
 21391 | Lair:5   | Reached skill level 10 in Armour
 21712 | Lair:5   | Reached XP level 14. HP: 79/115 MP: 24/24
 21906 | Lair:5   | Found a staircase to the Slime Pits.
 22126 | Lair:6   | Entered Level 6 of the Lair of Beasts
 23359 | Lair:6   | Noticed a dire elephant
 23671 | Lair:6   | Noticed a dire elephant
 23671 | Lair:6   | Noticed a dire elephant
 23695 | Lair:6   | Killed a dire elephant
 23710 | Lair:6   | Killed a dire elephant
 24034 | Lair:6   | Got a twisted plate armour
 24045 | Lair:6   | Identified the +10 plate armour "Litiesus" {-Cast rN+++ rCorr Dex-3} (You found it on level 6 of the Lair of Beasts)
 24366 | D:12     | Reached skill level 15 in Invocations
 24465 | D:12     | Found a staircase to the Orcish Mines.
 25606 | D:13     | Mangled by a two-headed ogre

Vault maps used:
D:1:      giann_forest_graveyard, minivault_4
D:2:      elyvilon_altar_3, okawaru_metal_pillars_1_2,
          lemuel_coloured_pillars_altar, first_ration, minmay_tetromino_s2
D:3:      zin_angel
D:4:      temple_fountains, minmay_gold_behind_fungi
D:5:      lemuel_round_altar, hangedman_decor_growths, nicolae_sextant,
          st_stairs_14
D:6:      sigmund_army
D:7:      kennysheep_little_box, lemuel_crystal_altar, lightli_corner_chamber
D:8:      nicolae_ashenzari_panopticon, xom_shifter_show,
          grunt_temple_overflow_open, minmay_lair_entry_grove, the_bakery
D:9:      nicolae_overflow_hidden_temple, lightli_orcish_oven
D:10:     uniq_grum, uniq_josephine, uniq_maurice, uniq_fannar
D:12:     erik_orc_3
D:13:     david_vaults_4, serial_shops, nicolae_shop_window_shopping,
          kennysheep_generic_room_13
Lair:1:   patterned_corridor
Lair:2:   nicolae_spider_entry_orb_guardian
Lair:3:   minmay_swamp_entry_swarm, grunt_megastairs_2, serial_bayou_shore_b,
          serial_bayou_shore_a, uniq_gastronok
Lair:5:   nicolae_slime_entry_slimehenge
Lair:6:   due_jungle_book, serial_forest, infiniplex_forest_lined_corner,
          infiniplex_forest_clump_double, infiniplex_forest_straight_2,
          infiniplex_forest_clump_long, infiniplex_forest_lined_2,
          infiniplex_forest_straight_2, infiniplex_forest_clump_curved,
          infiniplex_forest_lined_room_3, serial_bayou_shore_b

Skill      XL: |  1  2  3  4  5  6  7  8  9 10 11 12 13 14 |
---------------+-------------------------------------------+-----
Shields        | 1 2 3 4 6 7 9 |  9.1
Invocations    | 3 4 6 7 9 11 13 14 15 | 15.3
Fighting       | 4 5 6 7 9 11 12 | 12.1
Long Blades    | 3 4 6 8 9 11 | 11.0
Armour         | 3 10 12 | 12.2
Dodging        | |  0.8

Action                   |  1- 3 |  4- 6 |  7- 9 | 10-12 | 13-15 || total
-------------------------+-------+-------+-------+-------+-------++-------
Melee: Falchion          |    57 |   249 |   631 |     9 |       ||   946
       Great sword       |       |       |       |   666 |   743 ||  1409
       Scimitar          |       |       |       |     8 |       ||     8
       Flail             |       |       |       |    10 |       ||    10
Invok: Depart the Abyss  |     1 |       |       |       |       ||     1
       Banish            |       |       |       |       |     4 ||     4
 Abil: Dig               |       |       |     7 |    14 |    17 ||    38
Evoke: Wand              |       |     1 |     6 |    31 |    24 ||    62
  Use: Scroll            |       |     5 |       |     8 |     1 ||    14
       Potion            |       |     1 |     8 |    11 |     9 ||    29
 Stab: Paralysed         |       |       |       |    11 |       ||    11
       Confused          |       |       |       |     1 |     2 ||     3
       Petrified         |       |       |       |       |     4 ||     4
  Eat: Chunk             |     1 |     7 |    19 |    25 |    22 ||    74
       Ration            |       |       |       |     2 |     2 ||     4
Armor: Leather armour    |    13 |    65 |       |       |       ||    78
       Ring mail         |       |    56 |    50 |       |       ||   106
       Chain mail        |       |       |   257 |   109 |       ||   366
       Plate armour      |       |       |       |   382 |   626 ||  1008
       Skin              |       |       |       |    54 |       ||    54
Dodge: Dodged            |    38 |   170 |   226 |   244 |   286 ||   964
Block: Buckler           |     8 |    58 |   131 |   202 |   228 ||   627
       Rpst.: Falchion   |     7 |    60 |    79 |     1 |       ||   147
       Great sword       |       |       |       |    62 |    84 ||   146
       Scimitar          |       |       |       |     2 |       ||     2

Table legend:
 A = Spawn XP
 B = Non-spawn XP
 C = Spawn XP percentage of total XP
 D = Spawn monster count
 E = Non-spawn monster count
 F = Spawn count percentage of total count
 G = Total turns spent on level
                    A         B        C        D         E        F      G
               +---------+---------+-------+---------+---------+-------+---------
         Total |       0 |   59226 |   0.0 |       0 |     486 |   0.0 | 25606
               +---------+---------+-------+---------+---------+-------+---------
           D:1 |       0 |      28 |   0.0 |       0 |      12 |   0.0 |   819
           D:2 |       0 |     131 |   0.0 |       0 |      31 |   0.0 |  1223
           D:3 |       0 |     208 |   0.0 |       0 |      37 |   0.0 |  1257
           D:4 |       0 |     667 |   0.0 |       0 |      21 |   0.0 |  1681
           D:5 |       0 |     434 |   0.0 |       0 |      30 |   0.0 |   859
           D:6 |       0 |    1580 |   0.0 |       0 |      34 |   0.0 |  1789
           D:7 |       0 |    1154 |   0.0 |       0 |      26 |   0.0 |  1438
           D:8 |       0 |    3220 |   0.0 |       0 |      35 |   0.0 |  1522
           D:9 |       0 |     422 |   0.0 |       0 |      15 |   0.0 |  1048
          D:10 |       0 |    5043 |   0.0 |       0 |      37 |   0.0 |  1581
          D:11 |       0 |    5552 |   0.0 |       0 |      22 |   0.0 |  1792
          D:12 |       0 |    4631 |   0.0 |       0 |      49 |   0.0 |  1243
          D:13 |       0 |    1460 |   0.0 |       0 |       6 |   0.0 |    37
        Lair:1 |       0 |    2710 |   0.0 |       0 |      12 |   0.0 |  1165
        Lair:2 |       0 |    3610 |   0.0 |       0 |      14 |   0.0 |  1341
        Lair:3 |       0 |    9664 |   0.0 |       0 |      37 |   0.0 |  2167
        Lair:4 |       0 |    4319 |   0.0 |       0 |      22 |   0.0 |   980
        Lair:5 |       0 |    7134 |   0.0 |       0 |      28 |   0.0 |  1626
        Lair:6 |       0 |    7259 |   0.0 |       0 |      18 |   0.0 |  1989
               +---------+---------+-------+---------+---------+-------+---------
